 Dungeon Crawl Stone Soup version 0.23.2 (webtiles) character file.

Game seed: 248870540764470970

604 eccles the Chopper (level 7, -1/61 HPs)
             Began as a Minotaur Fighter on Mar 29, 2019.
             Slain by an ogre
             ... wielding a +0 giant spiked club
              (20 damage)
             ... on level 5 of the Dungeon on Apr 1, 2019.
             The game lasted 00:23:51 (3557 turns).

eccles the Chopper (Minotaur Fighter)               Turns: 3557, Time: 00:23:52

Health: -1/61      AC: 15    Str: 21    XL:     7   Next: 18%
Magic:  6/6        EV:  4    Int:  5    God:
Gold:   203        SH: 10    Dex: 11    Spells: 6/6 levels left

rFire    + . .     SeeInvis .   r - +0 war axe
rCold    . . .     Gourm    +   c - +0 shield
rNeg     + . .     Faith    .   g - +3 plate armour {rC+}
rPois    .         Spirit   .   (helmet restricted)
rElec    .         Reflect  .   v - scarf {cloud immunity}
rCorr    .         Harm     .   (no gloves)
MR       .....                  (no boots)
Stlth    ..........             o - amulet of the gourmand
HPRegen  0.20/turn              k - ring of fire
MPRegen  0.10/turn              p - ring of positive energy

@: no status effects
A: retaliatory headbutt, horns 2
a: no special abilities


You were on level 5 of the Dungeon.
You were not hungry.

You visited 1 branch of the dungeon, and saw 5 of its levels.
You also visited: Sewer.

You collected 203 gold pieces.

Inventory:

Hand Weapons
 a - a +0 war axe
 r - a +0 war axe (weapon)
 A - a +0 flail of protection
Armour
 b - a +0 scale mail
 c - a +0 shield (worn)
 g - a +3 plate armour of cold resistance (worn)
 v - a scarf of cloud immunity (worn)
Jewellery
 k - a ring of fire (left hand)
 m - an uncursed ring of ice
 o - an amulet of the gourmand (around neck)
 p - a ring of positive energy (right hand)
Wands
 x - a wand of iceblast (8)
Scrolls
 e - a scroll of magic mapping
 h - 2 scrolls of teleportation
 i - 2 scrolls of fog
 j - 4 scrolls of remove curse
 l - 2 scrolls of amnesia
Potions
 d - a potion of might
 n - a potion of brilliance {unknown}
 q - a potion of haste {unknown}
 s - 5 potions of curing
 t - 2 potions of agility
 u - 3 potions of mutation
 w - 3 potions of flight
Comestibles
 f - 5 rations
 z - 2 chunks of flesh


   Skills:
 * Level 5.1 Fighting
 * Level 6.8 Axes
 * Level 5.2 Armour
 * Level 5.4 Shields


You had 6 spell levels left.
You didn't know any spells.
Your spell library was empty.

Dungeon Overview and Level Annotations

Branches:
Dungeon (5/15)
 Temple: D:4-7

Altars:
Xom

Shops:
D:4 }


Innate Abilities, Weirdness & Mutations

You reflexively headbutt those who attack you in melee.
You have a pair of horns on your head.


Message History

You barely miss the orc. You block the ogre's attack.
You block the orc's attack.
You hit the ogre.
The ogre is almost dead.
You hit the orc.
You kill the orc!
The ogre barely misses you.
You closely miss the orc priest.
Your plate armour prevents you from hitting the ogre.
The orc priest hits you but does no damage.
The ogre hits you with a +0 giant spiked club!!
The orc priest hits you with a +0 hand axe.
You closely miss the orc priest. You hit the ogre but do no damage.
The orc wizard casts a spell.
The orc wizard seems to speed up.
You block the ogre's attack.
The orc priest hits you but does no damage.
You hit the orc priest but do no damage.
Your plate armour prevents you from hitting the ogre.
The ogre hits you with a +0 giant spiked club!!
You die...

########
#......#
#......##.
#........(
#........>
#.........
####).....#
#.<@o.....#
.......##O.....#
...#####.....###
. ..oo####
###..# ....
#.### #.


You could see an ogre, an orc priest and an orc wizard.

Vanquished Creatures
  Edmund (D:4)
  A big kobold (Sewer)
  2 orc priests (D:4)
  An orc wizard (D:3)
  An iguana (D:4)
  2 worker ants (D:4)
  A hound skeleton (D:4)
  5 gnolls
  6 adders
  5 river rats
  An adder skeleton (D:4)
  6 worms
  A dart slug (D:1)
  2 leopard geckos
  7 orcs
  4 ball pythons (D:4)
  6 bats
  2 giant cockroaches
  5 hobgoblins
  A jackal (Sewer)
  2 frilled lizards (D:1)
  10 goblins
  14 kobolds
  8 rats
94 creatures vanquished.

Notes
Turn   | Place    | Note
-------+----------+-------------------------------------------
     0 | D:1      | eccles the Minotaur Fighter began the quest for the Orb.
     0 | D:1      | Reached XP level 1. HP: 19/19 MP: 0/0
   164 | D:1      | Reached XP level 2. HP: 27/27 MP: 1/1
  1120 | D:2      | Reached XP level 3. HP: 33/33 MP: 2/2
  1124 | D:2      | Reached skill level 3 in Axes
  1239 | D:2      | Found a shimmering altar of Xom.
  1426 | D:2      | Reached XP level 4. HP: 40/40 MP: 3/3
  1632 | D:3      | Upgraded the game from 0.23.1-41-g7e51ed3 to 0.23.2
  1667 | D:3      | Reached skill level 4 in Axes
  2157 | D:3      | Reached XP level 5. HP: 36/47 MP: 4/4
  2566 | D:4      | Reached skill level 5 in Axes
  2567 | D:4      | Found a glowing drain.
  2595 | Sewer    | Entered a sewer
  2604 | Sewer    | Reached XP level 6. HP: 47/53 MP: 5/5
  2674 | Sewer    | Reached skill level 5 in Shields
  2922 | Sewer    | Found a white marble altar of Elyvilon.
  3202 | D:4      | Reached skill level 6 in Axes
  3226 | D:4      | Reached skill level 5 in Armour
  3335 | D:4      | Reached skill level 5 in Fighting
  3384 | D:4      | Noticed Edmund
  3398 | D:4      | Killed Edmund
  3398 | D:4      | Reached XP level 7. HP: 50/61 MP: 6/6
  3437 | D:4      | Found Liech's Gadget Shop.
  3542 | D:5      | Entered Level 5 of the Dungeon
  3557 | D:5      | Slain by an ogre

Skill      XL: |  1  2  3  4  5  6 |
---------------+-------------------+-----
Armour         | 4 5 |  5.2
Fighting       | 4 5 |  5.1
Axes           | 3 4 5 6 |  6.8
Shields        | 4 5 |  5.4

Action                   |  1- 3 |  4- 6 |  7- 9 || total
-------------------------+-------+-------+-------++-------
Melee: War axe           |    93 |   175 |    10 ||   278
       Headbutt          |     9 |    21 |     1 ||    31
Evoke: Wand              |       |     1 |       ||     1
  Use: Scroll            |       |     8 |     5 ||    13
       Potion            |       |     1 |       ||     1
  Eat: Chunk             |     1 |    12 |       ||    13
Armor: Scale mail        |    15 |       |       ||    15
       Plate armour      |    34 |   115 |     4 ||   153
Dodge: Dodged            |    27 |    37 |     1 ||    65
Block: Shield            |    46 |    89 |    10 ||   145
